 Dungeon Crawl Stone Soup version 0.24.0-29-g8ce449bc06 (webtiles) character file.

Game seed: 733036727238207047, levelgen mode: deterministic

116 FishyPogo the Charmwright (level 5, -1/43 HPs)
             Began as a Gnoll Skald on Nov 14, 2019.
             Killed by divine providence
             ... invoked by an orc priest
              (8 damage)
             ... on level 3 of the Dungeon.
             The game lasted 00:08:08 (1576 turns).

FishyPogo the Charmwright (Gnoll Skald)             Turns: 1576, Time: 00:08:09

Health: -1/43      AC:  6    Str: 13    XL:     5   Next: 1%
Magic:  1/12       EV: 14    Int: 16    God:
Gold:   69         SH:  0    Dex: 15    Spells: 3/14 levels left

rFire    . . .     SeeInvis .   a - +0 spear
rCold    . . .     Gourm    .   (no shield)
rNeg     + . .     Faith    .   b - +0 leather armour
rPois    .         Spirit   .   (no helmet)
rElec    .         Reflect  .   (no cloak)
rCorr    .         Harm     .   (no gloves)
MR       .....                  g - +2 pair of boots
Stlth    ++........             (no amulet)
HPRegen  0.14/turn              e - ring of positive energy
MPRegen  0.13/turn              (no ring)

@: singing (expiring), flying
A: distributed training, fangs 1, strong nose
a: no special abilities


You were on level 3 of the Dungeon.
You were not hungry.

You visited 1 branch of the dungeon, and saw 3 of its levels.

You collected 69 gold pieces.

Inventory:

Hand Weapons
 a - a +0 spear (weapon)
Missiles
 i - 102 stones (quivered)
 n - 4 atropa-tipped darts
Armour
 b - a +0 leather armour (worn)
 g - a +2 pair of boots (worn)
Jewellery
 e - a ring of positive energy (left hand)
Scrolls
 h - a scroll of enchant weapon {unknown}
 j - a scroll of identify {unknown}
 k - a scroll of remove curse {unknown}
 l - a scroll of immolation {unknown}
 o - a scroll of enchant armour {unknown}
Potions
 c - a potion of flight
 m - a potion of lignification {unknown}
Comestibles
 d - 6 rations
 f - a chunk of flesh


   Skills:
 + Level 4.7 Fighting
 + Level 1.2 Short Blades
 + Level 1.2 Long Blades
 + Level 1.2 Axes
 + Level 1.2 Maces & Flails
 + Level 4.7 Polearms
 + Level 1.2 Staves
 + Level 1.2 Slings
 + Level 1.2 Bows
 + Level 1.2 Crossbows
 + Level 1.2 Throwing
 + Level 2.8 Armour
 + Level 4.7 Dodging
 + Level 1.2 Stealth
 + Level 1.2 Shields
 + Level 1.2 Unarmed Combat
 + Level 5.1 Spellcasting
 + Level 1.0 Conjurations
 + Level 1.0 Hexes
 + Level 5.5 Charms
 + Level 1.0 Summonings
 + Level 1.0 Necromancy
 + Level 1.0 Translocations
 + Level 1.0 Transmutations
 + Level 1.0 Fire Magic
 + Level 1.0 Ice Magic
 + Level 1.0 Air Magic
 + Level 1.0 Earth Magic
 + Level 1.0 Poison Magic
 + Level 1.4 Invocations
 + Level 1.2 Evocations


You had 3 spell levels left.
You knew the following spells:

 Your Spells              Type           Power        Failure   Level  Hunger
h - Regeneration          Chrm/Necr      ##........   16%         3    ###....
l - Song of Slaying       Chrm           ###.....     3%          2    #......
p - Shroud of Golubria    Chrm/Tloc      ##....       8%          2    #......
u - Spectral Weapon       Hex/Chrm       ##......     16%         3    ###....
y - Infusion              Chrm           ###.         1%          1    None

Your spell library contained the following spells:

 Spells                   Type           Power        Failure   Level  Hunger


Dungeon Overview and Level Annotations

Branches:
Dungeon (3/15)

Altars:


Innate Abilities, Weirdness & Mutations

Your experience applies equally to all skills.
You have very sharp teeth.
Your uncanny sense of smell can sniff out nearby items.


Message History

Your spectral weapon hits the orc priest but does no damage.
Something hits you.
The orc priest hits you but does no damage.
You closely miss the orc priest. Your bite misses the orc priest.
The orc priest is severely wounded.
Your spectral weapon closely misses the orc priest.
The gnoll closely misses you. Something hits you.
* * * LOW HITPOINT WARNING * * *
The orc priest calls down the wrath of Beogh upon you.
Pain shoots through your body!
* * * LOW HITPOINT WARNING * * *
It was a potion of flight.
You feel very buoyant.
You fly up into the air.
Your song is almost over.
You hear a shout!
The gnoll barely misses you. Something hits you but does no damage.
The orc priest invokes the aid of Beogh against you.
Beogh smites you!
You die...

..÷........... ....
.#.##.######.## ..#
.#)##...# #.# ..
........####.# .#
#######....#.###.# #
# #.##.......#####.#
# #.####.#..........
#.# #.##o###..... #.#
#.##(@.g# ∆ #.#
#.##.†g.# #..
#.##..).......
#######..
........#.....
##....>.............
....
...#####...#.##.####.
.## ...#...... #. #.#
## # ......###. # ..
..<....... ...


You could see an orc priest, a gnoll, a goblin and a friendly spectral +0 spear.

Vanquished Creatures
  Terence (D:2)
  A worker ant (D:2)
  A gnoll (D:3)
  An ooze (D:2)
  A worm (D:3)
  3 dart slugs (D:1)
  A leopard gecko (D:3)
  An orc (D:3)
  4 giant cockroaches
  5 goblins
  5 hobgoblins
  4 jackals (D:2)
  2 bats
  2 frilled lizards
  8 kobolds
  4 rats
44 creatures vanquished.

Notes
Turn   | Place    | Note
-------+----------+-------------------------------------------
     0 | D:1      | FishyPogo the Gnoll Skald began the quest for the Orb.
     0 | D:1      | Reached XP level 1. HP: 20/20 MP: 6/6
     6 | D:1      | Noticed a black mamba
     6 | D:1      | Noticed a swamp drake
     6 | D:1      | Noticed a lindwurm
     7 | D:1      | Noticed a hound
     7 | D:1      | Noticed a crocodile
   202 | D:1      | Reached XP level 2. HP: 22/26 MP: 4/7
   338 | D:1      | Reached XP level 3. HP: 31/31 MP: 2/9
   553 | D:2      | Reached skill level 5 in Spellcasting
   798 | D:2      | Noticed Terence
   809 | D:2      | Killed Terence
   809 | D:2      | Reached skill level 1 in Short Blades
   809 | D:2      | Reached skill level 1 in Long Blades
   809 | D:2      | Reached skill level 1 in Axes
   809 | D:2      | Reached skill level 1 in Maces & Flails
   809 | D:2      | Reached skill level 1 in Staves
   809 | D:2      | Reached skill level 1 in Slings
   809 | D:2      | Reached skill level 1 in Bows
   809 | D:2      | Reached skill level 1 in Crossbows
   809 | D:2      | Reached skill level 1 in Throwing
   809 | D:2      | Reached skill level 1 in Stealth
   809 | D:2      | Reached skill level 1 in Shields
   809 | D:2      | Reached skill level 1 in Unarmed Combat
   809 | D:2      | Reached skill level 1 in Invocations
   809 | D:2      | Reached skill level 1 in Evocations
   809 | D:2      | Reached XP level 4. HP: 36/38 MP: 3/11
   971 | D:2      | Reached skill level 1 in Conjurations
   971 | D:2      | Reached skill level 1 in Hexes
   971 | D:2      | Reached skill level 1 in Summonings
   971 | D:2      | Reached skill level 1 in Necromancy
   971 | D:2      | Reached skill level 1 in Translocations
   971 | D:2      | Reached skill level 1 in Transmutations
   971 | D:2      | Reached skill level 1 in Fire Magic
   971 | D:2      | Reached skill level 1 in Ice Magic
   971 | D:2      | Reached skill level 1 in Air Magic
   971 | D:2      | Reached skill level 1 in Earth Magic
   971 | D:2      | Reached skill level 1 in Poison Magic
  1142 | D:2      | Learned a level 3 spell: Spectral Weapon
  1146 | D:2      | Learned a level 3 spell: Regeneration
  1472 | D:3      | Learned a level 2 spell: Shroud of Golubria
  1500 | D:3      | Learned a level 2 spell: Song of Slaying
  1569 | D:3      | Reached XP level 5. HP: 18/43 MP: 1/12
  1576 | D:3      | Killed from afar by an orc priest

Levels and vault maps discovered:
D:1:      onia_arrival_zoo_common, layout_basic, minmay_tripent
D:2:      layout_basic, first_ration, uniq_terence
D:3:      layout_rooms, kennysheep_minor_cross

Skill      XL: |  1  2  3  4 |
---------------+-------------+-----
Spellcasting   | 5 |  5.1
Short Blades   | 1 |  1.2
Long Blades    | 1 |  1.2
Axes           | 1 |  1.2
Maces & Flails | 1 |  1.2
Staves         | 1 |  1.2
Slings         | 1 |  1.2
Bows           | 1 |  1.2
Crossbows      | 1 |  1.2
Throwing       | 1 |  1.2
Stealth        | 1 |  1.2
Shields        | 1 |  1.2
Unarmed Combat | 1 |  1.2
Invocations    | 1 |  1.4
Evocations     | 1 |  1.2
Conjurations   | 1 |  1.0
Hexes          | 1 |  1.0
Summonings     | 1 |  1.0
Necromancy     | 1 |  1.0
Translocations | 1 |  1.0
Transmutations | 1 |  1.0
Fire Magic     | 1 |  1.0
Ice Magic      | 1 |  1.0
Air Magic      | 1 |  1.0
Earth Magic    | 1 |  1.0
Poison Magic   | 1 |  1.0
Fighting       | |  4.7
Polearms       | |  4.7
Armour         | |  2.8
Dodging        | |  4.7
Charms         | |  5.5

Action                   |  1- 3 |  4- 6 || total
-------------------------+-------+-------++-------
Melee: Spear             |    78 |    54 ||   132
       Bite              |     3 |     2 ||     5
 Cast: Infusion          |     8 |     2 ||    10
       Song of Slaying   |       |     2 ||     2
       Spectral Weapon   |       |     2 ||     2
       Shroud of Golubri |       |     1 ||     1
  Use: Potion            |       |     1 ||     1
 Stab: Sleeping          |     4 |     1 ||     5
  Eat: Chunk             |       |     2 ||     2
Armor: Leather armour    |     6 |    12 ||    18
Dodge: Dodged            |    28 |    28 ||    56
